 Dungeon Crawl Stone Soup version 0.27-a0-1144-g0b7d3b79db (webtiles) character file.

Game seed: 4495849136718847145

7 neco the Firebug (level 2, -1/17 HPs)
             Began as an Octopode Fire Elementalist on May 10, 2021.
             Slain by a gnoll
             ... wielding a +0 club
              (2 damage)
             ... on level 2 of the Dungeon.
             The game lasted 00:11:03 (377 turns).

neco the Firebug (Octopode Fire Elementalist)        Turns: 377, Time: 00:11:04

Health: -1/17      AC:  1    Str:  7    XL:     2   Next: 4%
Magic:  2/5        EV: 13    Int: 17    God:
Gold:   22         SH:  0    Dex: 12    Spells: 4/5 levels left

rFire    . . .     SeeInvis .   d - +0 club
rCold    . . .     Faith    .   (no shield)
rNeg     . . .     Spirit   .   (helmet restricted)
rPois    .         Reflect  .   (no amulet)
rElec    .         Harm     .   (no ring)
rCorr    .         Rampage  .   (no ring)
Will     .....                  (no ring)
Stlth    +++.......             (no ring)
HPRegen  0.05/turn              (no ring)
MPRegen  0.09/turn              (no ring)
                                (no ring)
                                (no ring)

@: flying
A: almost no armour, amphibious, 8 rings, camouflage 1, gelatinous body 1,
(nimble swimmer 1), tentacles
a: no special abilities


You were on level 2 of the Dungeon.
You visited 1 branch of the dungeon, and saw 2 of its levels.

You collected 22 gold pieces.

Inventory:

Hand Weapons
 d - a +0 club (weapon)
Scrolls
 c - a scroll of fear {unknown}
Potions
 a - a potion of ambrosia {unknown}
 b - a potion of flight


   Skills:
 + Level 2.0 Dodging
 + Level 2.6 Stealth
 + Level 2.1 Spellcasting
 + Level 1.2 Conjurations
 + Level 3.3 Fire Magic


You had 4 spell levels left.
You knew the following spells:

 Your Spells              Type           Power      Damage    Failure   Level
a - Foxfire               Conj/Fire      36%        2x1d5     8%          1

Your spell library contained the following spells:

 Spells                   Type           Power      Damage    Failure   Level
 Conjure Flame            Conj/Fire      9%         6-21      22%         3
 Inner Flame              Hex/Fire       7%         N/A       28%         3
 Sticky Flame             Conj/Fire      9%         2d3       58%         4
 Fireball                 Conj/Fire      4%         3d4       91%         5


Dungeon Overview and Level Annotations

Branches:
Dungeon (2/15)

Altars:


Innate Abilities, Weirdness & Mutations

You cannot wear most types of armour.
You are amphibious.
You can wear up to eight rings at the same time.
Your skin changes colour to match your surroundings (Stealth+).
Your rubbery body absorbs attacks. (AC +1, EV +1)
((You are camouflaged near water. (Stealth+)))
You have tentacles for arms and can constrict up to eight enemies at once.


Message History

A gnoll comes into view. It is wielding a +0 club.
A gnoll comes into view. It is wielding a +0 whip.
A bat comes into view.
Casting: Foxfire (safe; 8% risk of failure)
Confirm with . or Enter, or press ? or * to list all spells.
You conjure some foxfire!
You hit the gnoll but do no damage. Your grab misses the gnoll.
The foxfire hits the gnoll but does no damage.
The foxfire hits the gnoll.
The gnoll is lightly wounded.
The gnoll barely misses you.
Casting: Foxfire (safe; 8% risk of failure)
Confirm with . or Enter, or press ? or * to list all spells.
You conjure some foxfire!
The gnoll hits you with a +0 club. The gnoll misses you.
You completely miss the gnoll. Your grab misses the gnoll.
Your squeeze misses the gnoll.
The gnoll is lightly wounded.
The foxfire hits the gnoll.
The gnoll is lightly wounded.
The foxfire hits the gnoll.
The gnoll is heavily wounded.
The gnoll barely misses you.
The gnoll hits you from afar with a +0 spear!
* * * LOW HITPOINT WARNING * * *
The gnoll barely misses you.
It was a potion of flight.
You feel very buoyant.
You fly up into the air.
The gnoll misses you. The gnoll completely misses you.
Casting: Foxfire (safe; 8% risk of failure)
Confirm with . or Enter, or press ? or * to list all spells.
You conjure some foxfire!
The gnoll closely misses you. The gnoll hits you with a +0 club.
* * * LOW HITPOINT WARNING * * *
You are too injured to fight recklessly!
Your foxfire dissipates!
The foxfire hits the gnoll.
The gnoll is heavily wounded.
The gnoll hits you with a +0 club.
You die...

#....##.##
#######..#
##.#### #....#
#....# #....#
#....########
#...........#
#...@.......#
###g.....รท..#
##g######## #.##
. #..# .# ##.##
#..# #..#
####...##
##.#####....###.
#.......####).g


You could see 2 gnolls.

Vanquished Creatures
  2 bats (D:2)
  2 giant cockroaches (D:2)
  A quokka (D:2)
  A kobold (D:2)
6 creatures vanquished.

Vanquished Creatures (others)
  12 foxfires (D:2)
12 creatures vanquished.

Grand Total: 18 creatures vanquished

Notes
Turn   | Place    | Note
-------+----------+-------------------------------------------
     0 | D:1      | neco the Octopode Fire Elementalist began the quest for the
                  | Orb.
     0 | D:1      | Reached XP level 1. HP: 11/11 MP: 3/3
   255 | D:2      | Reached XP level 2. HP: 10/17 MP: 3/5
   355 | D:2      | Noticed an ogre
   377 | D:2      | Slain by a gnoll

Illustrated notes

Levels and vault maps discovered:
D:1:      psy_arrival_heroes, layout_rooms, ebering_ecumenical_altar_hall,
          minmay_misc_feat_five
D:2:      minmay_general_purpose_star, layout_basic

Action                   || total
-------------------------++-------
Melee: Unarmed           ||    13
       Constrict         ||     7
       Club              ||     8
       Tentacles         ||     2
 Cast: Foxfire           ||     7
  Use: Potion            ||     1
Armor: Skin              ||     6
Dodge: Dodged            ||    33

Table legend: (Time is in decaauts)
 A = Elapsed time spent in this place.
 B = Non-inter-level travel time spent in this place.
 C = Inter-level travel time spent in this place.
 D = Time resting spent in this place.
 E = Time spent auto-exploring this place.
 F = Levels seen in this place.
 G = Mean time per level.
                   A        B        C        D        E       F      G
               +--------+--------+--------+--------+--------+-----+--------+
         Total |    378 |    341 |     37 |      0 |      0 |   2 |  189.0 |
       Dungeon |    378 |    341 |     37 |      0 |      0 |   2 |  189.0 |
               +--------+--------+--------+--------+--------+-----+--------+

Top non-repeatable levels by time:
     D:2: 289 daAuts
     D:1: 89 daAuts
